 Dungeon Crawl Stone Soup version 0.26-a0-652-gafc20e3620 (webtiles) character file.

Game seed: 14120011241399459103

235 jasper the Slasher (level 5, -1/31 HPs)
             Began as a Deep Elf Berserker on Oct 2, 2020.
             Was a Believer of Trog.
             Slain by a worm (5 damage)
             ... on level 3 of the Dungeon.
             The game lasted 00:03:43 (2604 turns).

jasper the Slasher (Deep Elf Berserker)             Turns: 2604, Time: 00:03:43

Health: -1/31      AC:  8    Str: 12 (15) XL:     5   Next: 76%
Magic:  7/7        EV:  9    Int: 10 (12) God:    Trog [**....]
Gold:   133        SH:  0    Dex: 12 (14) Spells: 4/4 levels left

rFire    . . .     SeeInvis .   a - +0 falchion
rCold    . . .     Faith    .   (no shield)
rNeg     . . .     Spirit   .   r - +0 scale mail
rPois    .         Reflect  .   (no helmet)
rElec    .         Harm     .   f - +0 cloak
rCorr    .         Rampage  .   (no gloves)
MR       .....                  q - +0 pair of boots
Stlth    ..........             v - amulet of regeneration
HPRegen  0.50/turn              (no ring)
MPRegen  0.10/turn              (no ring)

@: lethally poisoned (-1 -> -22)
A: no striking features
a: Berserk, Trog's Hand, Renounce Religion


You were on level 3 of the Dungeon.
You worshipped Trog.
Trog was pleased with you.
You visited 1 branch of the dungeon, and saw 3 of its levels.

You collected 133 gold pieces.

Inventory:

Hand Weapons
 a - a +0 falchion (weapon)
 c - a +0 hunting sling
Missiles
 d - 22 sling bullets
 e - 115 stones (quivered)
 o - 39 poisoned darts
 t - 3 javelins
Armour
 b - a +0 animal skin
 f - a +0 cloak (worn)
 p - a +0 leather armour
 q - a +0 pair of boots (worn)
 r - a +0 scale mail (worn)
 y - a +0 ring mail
Jewellery
 h - an uncursed amulet of reflection
 v - an amulet of regeneration (around neck)
Wands
 x - a wand of flame (27)
Scrolls
 g - 2 scrolls of identify {unknown}
 j - a scroll of teleportation {unknown}
 k - 3 scrolls of remove curse {unknown}
Potions
 i - a potion of stabbing {unknown}
 l - 2 potions of heal wounds {unknown}
 m - 2 potions of flight {unknown}
 n - a potion of magic {unknown}
 s - a potion of cancellation {unknown}
 u - a potion of berserk rage {unknown}
 w - a potion of degeneration


   Skills:
 - Level 2.4 Fighting
 + Level 6.0 Long Blades
 - Level 1.5 Armour
 - Level 2.4 Dodging


You had 4 spell levels left.
You didn't know any spells.
Your spell library was empty.

Dungeon Overview and Level Annotations

Branches:
Dungeon (3/15)

Altars:
Makhleb


Message History

You are more poisoned.
You closely miss something.
You feel sick. Something hits you but does no damage.
You are lethally poisoned!
You closely miss something.
You feel very sick. Something hits you but does no damage.
You closely miss something.
You feel sick. Something hits you. The worm bites you!
* * * LOW HITPOINT WARNING * * *
It was a potion of degeneration.
There was something very wrong with that liquid.
You feel weakened.
You feel dopey.
You feel clumsy.
You feel less confused.
* * * LOW HITPOINT WARNING * * *
You feel sick. Something hits you but does no damage.
You are more poisoned.
An orc comes into view.
The worm bites you.
You die...

##. #.. #### .o
#..) .. #.## #. #.#
#. ####.#
#w###########....#
#.@))...........###
#.##.########.#....
... #.# #.#####
#### #.# #.# #.#
#.# #.########.#
#..........#
############


You could see a worm and an orc.

Vanquished Creatures
  A water moccasin (D:3)
  Ijyb (D:3)
  A worker ant (D:3)
  An adder (D:2)
  A dart slug (D:1)
  2 worms
  3 leopard geckos (D:1)
  4 orcs (D:3)
  A ball python (D:1)
  5 giant cockroaches
  4 goblins
  9 hobgoblins
  2 quokkas (D:2)
  12 bats
  2 frilled lizards
  6 kobolds
  6 rats (D:1)
61 creatures vanquished.

Notes
Turn   | Place    | Note
-------+----------+-------------------------------------------
     0 | D:1      | jasper the Deep Elf Berserker began the quest for the Orb.
     0 | D:1      | Reached XP level 1. HP: 13/13 MP: 3/3
   242 | D:1      | Reached skill level 3 in Long Blades
   271 | D:1      | Reached XP level 2. HP: 16/18 MP: 4/4
   542 | D:1      | Reached XP level 3. HP: 22/22 MP: 5/5
   908 | D:1      | Reached skill level 4 in Long Blades
   911 | D:1      | Reached ** piety under Trog
  2046 | D:3      | Reached XP level 4. HP: 27/27 MP: 6/6
  2430 | D:3      | Found a burning altar of Makhleb.
  2435 | D:3      | Noticed a water moccasin
  2445 | D:3      | Killed a water moccasin
  2445 | D:3      | Reached skill level 5 in Long Blades
  2445 | D:3      | Reached XP level 5. HP: 31/31 MP: 7/7
  2505 | D:3      | Noticed Ijyb
  2521 | D:3      | Killed Ijyb
  2585 | D:3      | Reached skill level 6 in Long Blades
  2604 | D:3      | Slain by a worm

Illustrated notes

Levels and vault maps discovered:
D:1:      dpeg_cavernosity, layout_loops_ring
D:2:      layout_basic, minmay_pentomino_x2
D:3:      layout_loops_ring, dancing_weapons_uskayaw, bloody_makhleb, uniq_ijyb,
          uniq_jessica

Skill      XL: |  1  2  3  4  5 |
---------------+----------------+-----
Long Blades    | 3 4 5 6 |  6.0
Fighting       | |  2.4
Armour         | |  1.5
Dodging        | |  2.4

Action                   |  1- 3 |  4- 6 || total
-------------------------+-------+-------++-------
Melee: Falchion          |    38 |    43 ||    81
 Fire: Hunting sling     |   108 |    35 ||   143
Invok: Berserk           |     2 |     2 ||     4
  Use: Potion            |       |     1 ||     1
Armor: Animal skin       |    15 |       ||    15
       Scale mail        |    10 |    22 ||    32
       Leather armour    |     1 |       ||     1
Dodge: Dodged            |    54 |    20 ||    74
Block: Other             |    25 |     5 ||    30
       Reflection        |     1 |       ||     1
       Rpst.: Falchion   |     7 |     2 ||     9

Table legend: (Time is in decaauts)
 A = Elapsed time spent in this place.
 B = Non-inter-level travel time spent in this place.
 C = Inter-level travel time spent in this place.
 D = Time resting spent in this place.
 E = Time spent auto-exploring this place.
 F = Levels seen in this place.
 G = Mean time per level.
                   A        B        C        D        E       F      G
               +--------+--------+--------+--------+--------+-----+--------+
         Total |   2666 |   2607 |     59 |    166 |   1956 |   3 |  888.7 |
       Dungeon |   2666 |   2607 |     59 |    166 |   1956 |   3 |  888.7 |
               +--------+--------+--------+--------+--------+-----+--------+

Top non-repeatable levels by time:
     D:2: 1009 daAuts
     D:1: 979 daAuts
     D:3: 678 daAuts
